 Dungeon Crawl Stone Soup version 0.21.1-1-g345015f (webtiles) character file.

854 Lilu the Conjurer (level 7, -1/54 HPs)
             Began as a Deep Elf Wizard on July 25, 2018.
             Was a Believer of Sif Muna.
             Succumbed to an orc warrior's poison
             ... on level 6 of the Dungeon on July 26, 2018.
             The game lasted 00:47:15 (7410 turns).

Lilu the Conjurer (Deep Elf Wizard)                 Turns: 7410, Time: 00:47:16

Health: -1/54      AC: 23    Str:  5 (6)  XL:     7   Next: 70%
Magic:  7/18       EV:  2    Int: 20 (23) God:    Sif Muna [**....]
Gold:   392        SH:  2    Dex: 12 (13) Spells: 8/18 levels left

rFire    . . .     SeeInvis .   H - +2 quarterstaff (protect)
rCold    . . .     Gourm    .   (shield currently unavailable)
rNeg     + + +     Faith    .   (armour currently unavailable)
rPois    +         Spirit   .   (helmet currently unavailable)
rElec    .         Reflect  +   (cloak currently unavailable)
rCorr    .         Harm     .   (gloves currently unavailable)
MR       +....     NoTele   +   (boots currently unavailable)
Stlth    ++........             o - +2 amulet of reflection
HPRegen  0.18/turn              v - ring of protection from magic
MPRegen  0.16/turn              (no ring)

@: lethally poisoned (-1 -> -22), tree-form, hasted, very quick
A: no striking features
a: Divine Energy, Renounce Religion


You were on level 6 of the Dungeon.
You worshipped Sif Muna.
Sif Muna was pleased with you.
You were not hungry.
You were a tree.
You visited 2 branches of the dungeon, and saw 7 of its levels.

You collected 392 gold pieces.

Inventory:

Hand Weapons
 s - a +2 dagger of protection
 H - a +2 quarterstaff of protection (weapon)
Missiles
 k - 19 tomahawks (quivered)
 z - 7 poisoned needles
Armour
 a - a +0 robe (melded)
 b - a +0 hat
 h - a +1 pair of gloves (melded)
 m - a +0 helmet (melded)
 p - a +0 pair of boots (melded)
 F - a +0 helmet
Jewellery
 o - a +2 amulet of reflection (around neck)
 q - an uncursed amulet of regeneration {unknown}
 v - a ring of protection from magic (left branch)
Scrolls
 e - a scroll of immolation
 g - a scroll of noise
 i - a scroll of fog
 j - 4 scrolls of identify
 y - 2 scrolls of remove curse
 A - 2 scrolls of enchant armour {unknown}
 E - 2 scrolls of magic mapping {unknown}
 G - a scroll of blinking {unknown}
Potions
 f - a potion of lignification
 l - a potion of degeneration
 n - a potion of might {unknown}
 r - a potion of brilliance {unknown}
 t - a potion of agility {unknown}
 u - a potion of haste
 x - a potion of flight
 B - a potion of curing {unknown}
 D - a potion of ambrosia {unknown}
 I - a potion of resistance {unknown}
Books
 c - a book of Minor Magic

   Spells                             Type                      Level
   a - Magic Dart                     Conjuration                  1
   b - Blink                          Translocation                2
   c - Call Imp                       Summoning                    2
   d - Slow                           Hexes                        2
   e - Conjure Flame                  Conjuration/Fire             3
   f - Mephitic Cloud                 Conjuration/Poison/Air       3
 C - a book of Conjurations

   Spells                             Type                      Level
   a - Magic Dart                     Conjuration                  1
   b - Searing Ray                    Conjuration                  2
   c - Dazzling Spray                 Conjuration/Hexes            3
   d - Fulminant Prism                Conjuration/Hexes            4
   e - Force Lance                    Conjuration/Translocation    4
   f - Iskenderun's Mystic Blast      Conjuration                  4
Comestibles
 d - 14 rations


   Skills:
 - Level 2.4 Dodging
 - Level 2.4 Stealth
 - Level 6.1 Spellcasting
 + Level 7.6 Conjurations
 + Level 2.7 Summonings
   Level 1.1 Translocations
 - Level 2.1 Air Magic
 - Level 2.2 Poison Magic


You had 8 spell levels left.
You knew the following spells:

 Your Spells              Type           Power        Failure   Level  Hunger
a - Magic Dart            Conj           ####         1%          1    None
b - Call Imp              Summ           ###.....     4%          2    None
c - Mephitic Cloud        Conj/Pois/Air  ###.....     6%          3    ##.....
d - Iskenderun's Mystic   Conj           #####...     4%          4    ####...


Dungeon Overview and Level Annotations

Branches:
Dungeon (6/15)             Temple (1/1) D:4

Altars:
Ashenzari
Cheibriados
Dithmenos
Elyvilon
Fedhas
Gozag
Hepliaklqana
Kikubaaqudgha
Makhleb
Nemelex Xobeh
Qazlal
Ru
Sif Muna
Trog
Uskayaw
Vehumet
Wu Jian
Xom
Yredelemnul
Zin
The Shining One

Shops:
D:6 %


Message History

The orc warrior dies!
Sif Muna accepts your kill.
It was a potion of lignification.
You turn into a tree.
Your +0 helmet melds into your body.
Your +1 pair of gloves melds into your body.
Your +0 pair of boots melds into your body.
Your +0 robe melds into your body.
Your roots penetrate the ground.
* * * LOW HITPOINT WARNING * * *
You feel sick.
Okay, then.
It was a potion of degeneration.
There was something very wrong with that liquid.
You feel weakened.
You feel dopey.
You feel clumsy.
* * * LOW HITPOINT WARNING * * *
You feel sick.
It was a potion of haste.
You feel yourself speed up.
* * * LOW HITPOINT WARNING * * *
You feel sick.
It was a potion of flight.
Your roots keep you in place.
You die...

......##.####### #.# ##....#
##.##.....# #.# #......
#.#####..# ##.## ##.#<##
#........# #...# #.#...
########.# #...# ###.###.
#####.....## #...# #.......
...##......########5..####.#.##..
...##.........#..5.........#o#...
.............<..♣5.).........#..#
...###.....##.#............###..#
...# #.....##.#####...####.###..#
#### ##.##.##.# #..∩# #.......
#.##.##.# #.#.# #####...
#.......# #...# #..# ###.####
##.## #... #. #######.##### ##.#
..###...........# #.#


You could see 3 friendly crimson imps.

Vanquished Creatures
  An ice beast (D:6)
  A phantom (D:5)
  A scorpion (D:6)
  A hound zombie (D:6)
  2 adders (D:6)
  An adder zombie (D:6)
  A dart slug (D:2)
  3 leopard geckos
  9 orcs
  A giant cockroach (D:3)
  4 hobgoblins
  10 jackals
  5 kobolds
  3 quokkas (D:5)
  A ball python (D:6)
  3 bats
  3 frilled lizards
  7 goblins
  A jackal zombie (D:5)
  8 rats
66 creatures vanquished.

Vanquished Creatures (collateral kills)
  Menkaure (D:4)
  An orc warrior (D:6)
  A sky beast (D:5)
  3 ogres
  A bullfrog (D:4)
  A howler monkey (D:5)
  A crimson imp (D:5)
  A hound (D:6)
  3 orc priests
  A jelly (D:6)
  4 orc wizards
  An iguana (D:5)
  3 worker ants
  3 adders
  A shadow imp (D:5)
  A worm (D:3)
  A dart slug (D:3)
  10 orcs
  2 giant cockroaches
  A hobgoblin (D:3)
  4 jackals
  A quokka (D:5)
46 creatures vanquished.

Grand Total: 112 creatures vanquished

Notes
Turn   | Place    | Note
-------+----------+-------------------------------------------
     0 | D:1      | Lilu the Deep Elf Wizard began the quest for the Orb.
     0 | D:1      | Reached XP level 1. HP: 10/10 MP: 7/7
   486 | D:1      | Reached skill level 2 in Conjurations
   850 | D:1      | Reached XP level 2. HP: 15/15 MP: 5/9
  1230 | D:2      | Learned a level 2 spell: Call Imp
  1300 | D:2      | Reached skill level 3 in Conjurations
  1543 | D:2      | Noticed a howler monkey
  1629 | D:2      | Reached XP level 3. HP: 19/19 MP: 5/10
  1675 | D:2      | Learned a level 3 spell: Mephitic Cloud
  1931 | D:2      | Found a bloodstained altar of Trog.
  2045 | D:3      | Noticed an ogre
  2215 | D:3      | Killed an ogre
  2215 | D:3      | Reached skill level 4 in Conjurations
  2215 | D:3      | Reached XP level 4. HP: 24/24 MP: 2/12
  2618 | D:3      | Found a blossoming altar of Fedhas.
  3155 | D:4      | Found a staircase to the Ecumenical Temple.
  3167 | Temple   | Entered the Ecumenical Temple
  3198 | Temple   | Became a worshipper of Sif Muna the Loreminder
  3215 | D:4      | Found a shimmering altar of Xom.
  3514 | D:4      | Noticed Menkaure
  3545 | D:4      | Killed Menkaure
  3545 | D:4      | Reached skill level 5 in Conjurations
  3545 | D:4      | Reached skill level 1 in Air Magic
  3545 | D:4      | Reached skill level 1 in Poison Magic
  3545 | D:4      | Reached XP level 5. HP: 7/28 MP: 7/13
  3790 | D:4      | Found a sparkling altar of Nemelex Xobeh.
  3793 | D:4      | Found a glowing silver altar of Zin.
  3794 | D:4      | Found a sacrificial altar of Ru.
  3794 | D:4      | Found an ornate altar of the Wu Jian Council.
  3795 | D:4      | Found an ancient bone altar of Kikubaaqudgha.
  3795 | D:4      | Found a shadowy altar of Dithmenos.
  3796 | D:4      | Found a hazy altar of Hepliaklqana.
  4157 | D:4      | Noticed an ogre
  4177 | D:4      | Killed an ogre
  4177 | D:4      | Reached * piety under Sif Muna
  4336 | D:4      | Reached XP level 6. HP: 32/32 MP: 6/15
  4349 | D:4      | Reached skill level 5 in Spellcasting
  4864 | D:5      | Entered Level 5 of the Dungeon
  5187 | D:5      | Noticed a sky beast
  5263 | D:4      | Learned a level 4 spell: Iskenderun's Mystic Blast
  5712 | D:5      | Killed a sky beast
  5712 | D:5      | Reached skill level 6 in Conjurations
  5712 | D:5      | Reached XP level 7. HP: 36/36 MP: 9/18
  5869 | D:6      | Found Routs's Food Shop.
  6721 | D:6      | Reached ** piety under Sif Muna
  6759 | D:6      | Reached skill level 7 in Conjurations
  7408 | D:6      | HP: 2/54 [poisoned by an orc warrior]
  7410 | D:6      | Succumbed to an orc warrior's poison

Skill      XL: |  1  2  3  4  5  6  7 |
---------------+----------------------+-----
Conjurations   | 2 3 4 5 6 7 |  7.6
Air Magic      | 1 2 |  2.1
Poison Magic   | 1 2 |  2.2
Summonings     | 2 |  2.7
Spellcasting   | 6 |  6.1
Dodging        | |  2.4
Stealth        | |  2.4
Translocations | |  1.1

Action                   |  1- 3 |  4- 6 |  7- 9 || total
-------------------------+-------+-------+-------++-------
Melee: Dagger            |       |     3 |       ||     3
       Quarterstaff      |       |       |     5 ||     5
 Cast: Magic Dart        |    62 |    46 |    38 ||   146
       Call Imp          |    11 |    72 |    49 ||   132
       Mephitic Cloud    |       |     2 |     1 ||     3
       Iskenderun's Myst |       |       |     4 ||     4
  Use: Scroll            |       |     6 |       ||     6
       Potion            |       |       |     4 ||     4
  Eat: Chunk             |     4 |    10 |     3 ||    17
       Ration            |       |       |     1 ||     1
Armor: Robe              |     2 |     4 |     5 ||    11
Dodge: Dodged            |    17 |    17 |    16 ||    50
Block: Other             |       |       |     1 ||     1
